 Dungeon Crawl Stone Soup version 0.17.0-24-gcfadda4 (console) character file.

529 gw the Cudgeler (level 7, -1/43 HPs)
             Began as a Gargoyle Gladiator on Nov 16, 2015.
             Was an Initiate of Trog.
             Slain by a centaur
             ... wielding an uncursed staff of air
              (3 damage)
             ... on level 5 of the Dungeon.
             The game lasted 00:04:35 (5982 turns).

gw the Cudgeler (Gargoyle Gladiator)                Turns: 5982, Time: 00:04:35

Health: -1/43      AC: 16    Str: 19      XL:     7   Next: 24%
Magic:  7/7        EV:  8    Int:  5 (8)  God:    Trog [......]
Gold:   330        SH:  0    Dex: 12      Spells: 0 memorised, 6 levels left

rFire  . . .     SeeInvis .     a - +1 flail
rCold  . . .     Clarity  .     p - +0 chain mail
rNeg   + + .     SustAt   .     (no shield)
rPois  ∞         Gourm    .     c - +0 helmet
rElec  +         Spirit   .     q - +0 cloak
rCorr  .         Warding  .     (no gloves)
rMut   .         Stasis   .     (no boots)
MR     .....                    (no amulet)
Stlth  ..........               (no ring)
                                B - ring of positive energy

@: not resistant to hostile enchantments, extremely unstealthy
A: negative energy resistance 1, electricity resistance, unbreathing,
petrification resistance, rot immunity, AC +4
a: Burn Spellbooks, Renounce Religion


You were on level 5 of the Dungeon.
You worshipped Trog.
Trog was noncommittal.
You were not hungry.

You visited 1 branch of the dungeon, and saw 5 of its levels.

You collected 330 gold pieces.

Inventory:

Hand Weapons
 a - a +1 flail (weapon)
Missiles
 d - 3 throwing nets
 i - 63 stones (quivered)
Armour
 c - a +0 helmet (worn)
 p - a +0 chain mail (worn)
 q - a +0 cloak (worn)
Jewellery
 B - a ring of positive energy (left hand)
Wands
 x - a wand of disintegration (15)
Scrolls
 h - a scroll of blinking
 s - 4 scrolls of identify
 t - 2 scrolls of remove curse
Potions
 g - 3 potions of curing
Books
 z - a book of Debilitation

   Spells                             Type                      Level
   a - Corona                         Hexes                        1
   b - Slow                           Hexes                        2
   c - Gell's Gravitas                Hexes/Translocation          3
   d - Inner Flame                    Hexes/Fire                   3
   e - Cause Fear                     Hexes                        4
   f - Leda's Liquefaction            Hexes/Earth                  4
   Trog disapproves of the use of such an item.
Comestibles
 e - 5 bread rations
 n - 2 meat rations
 A - a beef jerky


   Skills:
 + Level 4.2 Fighting
 * Level 5.4 Maces & Flails
 + Level 3.5 Throwing
 + Level 3.3 Armour
 - Level 2.4 Dodging


You had 6 spell levels left.
You didn't know any spells.

Dungeon Overview and Level Annotations

Branches:
Dungeon (5/15)
 Temple: D:4-7

Altars:
Gozag
Makhleb
Sif Muna
Trog
Vehumet
Xom

Shops:
D:5 :


Innate Abilities, Weirdness & Mutations

You are resistant to torment.
Your stone body is resilient (AC +4).
You are immune to poison.
You resist negative energy.
You are resistant to electric shocks.
You can survive without breathing.
You are immune to petrification.
You are immune to rotting.


Message History

The centaur shoots an arrow.
The arrow hits you. Something hits you but does no damage.
The giant frog skeleton hits you but does no damage.
The phantom blinks!
The orc hits you but does no damage. Something hits you but does no damage.
ATTACK MOVE TO (1,0)
You hit the phantom.
The phantom is almost destroyed.
The centaur shoots an arrow.
The arrow hits you but does no damage.
The giant frog skeleton closely misses you.
The phantom blinks!
The orc closely misses you.
The giant frog skeleton hits you but does no damage.
Something hits you but does no damage.
ATTACK MOVE TO (0,1)
You sock the centaur!
The centaur is moderately wounded.
The centaur unwields an uncursed shortbow.
The centaur wields an uncursed staff of air.
The centaur hits you with an uncursed staff of air.
You die...

............##..# #####.....
........#. #..#..# ###...
.......#.##.....# #.#...
.......#..#(###.# ###.....
......##.#.# #.## #.......
......##.W.# #... #.#.#...
#.#......# #.#.###.#.....
.#######)#..##..###.#.....#.....
......)(....W.{9................
#....####)..###cZo#..##...#.##..
#.. .....................#.# ..
. #...##.......##.##..(...# #
..... .#...##>...#.....### #
#### ......###.....#...####.#
###......................
#......................
.................


You could see 2 phantoms, a centaur, an orc and a giant frog skeleton.

Table legend:
 A = Turns spent in this place as a percentage of turns spent in the entire game.
 B = Non-inter-level travel turns spent in this place as a percentage of non-inter-level travel turns spent in the entire game.
 C = Inter-level travel turns spent in this place as a percentage of turns spent in this place.
 D = Turns resting spent in this place as a percentage of non-inter-level travel turns spent in this place.
 E = Turns spent auto-exploring this place as a percentage of non-inter-level travel turns spent in this place.
 F = Non-inter-level travel turns spent in this place divided by the number of levels of this place that you've seen.
                   A       B       C       D       E      F
               +-------+-------+-------+-------+-------+----------------------
         Total | 100.0 | 100.0 |   0.5 |   0.9 |   2.2 | 1587.8
       Dungeon | 100.0 | 100.0 |   0.5 |   0.9 |   2.2 | 1587.8
               +-------+-------+-------+-------+-------+----------------------

Table legend:
 A = Kills in this place as a percentage of kills in entire the game.
 B = Kills by you in this place as a percentage of kills by you in the entire game.
 C = Kills by friends in this place as a percentage of kills by friends in the entire game.
 D = Other kills in this place as a percentage of other kills in the entire game.
 E = Experience gained in this place as a percentage of experience gained in the entire game.
 F = Experience gained in this place divided by the number of levels of this place that you have seen.
                   A       B       C       D       E      F
               +-------+-------+-------+-------+-------+----------------------
         Total | 100.0 | 100.0 |  -nan |  -nan | 100.0 | 151.4
       Dungeon | 100.0 | 100.0 |  -nan |  -nan | 100.0 | 151.4
               +-------+-------+-------+-------+-------+----------------------

Vanquished Creatures
  A giant frog (D:3)
  2 scorpions
  A crimson imp (D:5)
  3 orc priests
  An orc wizard (D:3)
  2 worker ants (D:4)
  4 adders
  2 oozes
  6 worms
  5 giant geckos
  17 orcs
  7 hobgoblins
  7 jackals
  4 quokkas
  2 ball pythons
  9 bats
  3 giant cockroaches
  5 giant newts
  8 goblins
  2 jackal skeletons
  13 kobolds
  10 rats
114 creatures vanquished.

Notes
Turn   | Place    | Note
--------------------------------------------------------------
     0 | D:1      | gw the Gargoyle Gladiator began the quest for the Orb.
     0 | D:1      | Reached XP level 1. HP: 12/12 MP: 1/1
   125 | D:1      | Reached XP level 2. HP: 18/18 MP: 2/2
   570 | D:1      | Reached XP level 3. HP: 18/22 MP: 3/3
  1219 | D:2      | Reached skill level 1 in Armour
  2048 | D:2      | Reached XP level 4. HP: 13/27 MP: 4/4
  2871 | D:3      | Reached skill level 4 in Maces & Flails
  3596 | D:3      | Noticed a giant frog
  3604 | D:3      | Killed a giant frog
  3604 | D:3      | Reached XP level 5. HP: 18/32 MP: 5/5
  4203 | D:3      | Reached XP level 6. HP: 19/37 MP: 6/6
  4746 | D:4      | Reached skill level 5 in Maces & Flails
  4935 | D:4      | Found a bloodstained altar of Trog.
  4944 | D:4      | Became a worshipper of Trog the Wrathful
  4950 | D:4      | Found a radiant altar of Vehumet.
  4950 | D:4      | Found a deep blue altar of Sif Muna.
  4986 | D:4      | Found a burning altar of Makhleb.
  4990 | D:4      | Found a shimmering altar of Xom.
  5379 | D:4      | Found an opulent altar of Gozag.
  5588 | D:5      | Entered Level 5 of the Dungeon
  5615 | D:5      | Found Tyketz's Book Boutique.
  5652 | D:5      | Reached XP level 7. HP: 28/43 MP: 7/7
  5980 | D:5      | HP: 2/43 [centaur/arrow (2)]
  5982 | D:5      | Slain by a centaur

Action                   |  1- 3 |  4- 6 |  7- 9 || total
-------------------------+-------+-------+-------++-------
Melee: Flail             |   124 |   182 |    64 ||   370
Throw: Stone             |   109 |   194 |     1 ||   304
  Use: Scroll            |     3 |     9 |       ||    12
       Potion            |     1 |     5 |     1 ||     7
  Eat: Chunk             |     4 |    11 |     1 ||    16

Vault maps used:
D:1:      dpeg_arrival_tiny_f, serial_bayou_lagoon_b
D:2:      first_bread
D:4:      grunt_gozag_statues, minmay_overflow_temple_star_hex,
          roderic_lattice_a
D:5:      serial_shops, shop
